 Dungeon Crawl Stone Soup version 0.29-a0-821-g66395355a5 (webtiles) character file.

Game seed: 7648833425984769015

171980 HoaS the Acrobat (level 18, -13/132 HPs)
             Began as a Kobold Hunter on July 7, 2022.
             Was the Champion of Okawaru.
             Shot with a bolt by a naga sharpshooter (20 damage)
             ... on level 4 of the Snake Pit.
             The game lasted 01:08:17 (30839 turns).

HoaS the Acrobat (Kobold Hunter)                   Turns: 30839, Time: 01:08:18

Health: -13/132    AC: 16    Str:  8    XL:     18   Next: 66%
Magic:  23/25      EV: 63    Int: 15    God:    Okawaru [******]
Gold:   2982       SH:  0    Dex: 42    Spells: 17/17 levels left

rFire   . . .      SeeInvis .   E - +1 arbalest
rCold   . . .      Faith    .   (shield currently unavailable)
rNeg    . . .      Spirit   .   y - +3 steam dragon scales
rPois   .          Reflect  .   a - +1 hat of the Blind Marksman {rElec Regen+ Int+5 Stlth-}
rElec   +          Harm     .   v - +2 cloak "Siurot" {rCorr Dex+3}
rCorr   +          Rampage  +   B - +1 pair of gloves {infuse}
Will    +....                   N - +0 pair of boots {rampage}
Stlth   +++++.....              A - amulet of regeneration
HPRegen 1.92/turn               H - +6 ring of dexterity
MPRegen 0.19/turn               m - +6 ring of dexterity

@: lethally poisoned (-13 -> -15), heroic, finesse-ful, weakened, slowed,
studying Dodging, invisible, very slow
A: small, no large weapons, nightstalker 3
a: Renounce Religion, Heroism, Finesse, Duel


You were on level 4 of the Snake Pit.
You worshipped Okawaru.
Okawaru was exalted by your worship.
You visited 5 branches of the dungeon, and saw 28 of its levels.
You also visited: Bailey.

You collected 4082 gold pieces.
You spent 1100 gold pieces at shops.

Inventory:

Hand Weapons
 E - a +1 arbalest (weapon)
Missiles
 i - 3 throwing nets
Armour
 a - the +1 hat of the Blind Marksman (worn) {rElec Regen+ Int+5 Stlth-}
   (Okawaru gifted it to you on level 3 of the Snake Pit)

   Int:       It affects your intelligence (+5).
   rElec:     It insulates you from electricity.
   Regen:     It increases your rate of health regeneration.
   Stlth:     It makes you less stealthy.
 v - the +2 cloak "Siurot" (worn) {rCorr Dex+3}
   (Okawaru gifted it to you on level 6 of the Lair of Beasts)

   Dex:       It affects your dexterity (+3).
   rCorr:     It protects you from acid and corrosion.
 y - +3 steam dragon scales (worn)
 B - a +1 pair of gloves of infusion (worn)
 N - a +0 pair of boots of rampaging (worn)
Jewellery
 h - the ring "Vuisher" {rPois rF++ Str-5 Dex+6}
   (You found it on level 11 of the Dungeon)

   [ring of poison resistance]

   Str:       It affects your strength (-5).
   Dex:       It affects your dexterity (+6).
   rF:        It greatly protects you from fire.
   rPois:     It protects you from poison.
 m - a +6 ring of dexterity (right hand)
 o - the ring "Uvividgh" {rF+ Str-5 Int+2 SInv}
   (You found it on level 4 of the Dungeon)

   [ring of see invisible]

   Str:       It affects your strength (-5).
   Int:       It affects your intelligence (+2).
   rF:        It protects you from fire.
   SInv:      It lets you see invisible.
 q - the ring "Reucrydgh" {rC+ Will+ Int+6}
   (You found it on level 11 of the Dungeon)

   [ring of intelligence]

   Int:       It affects your intelligence (+6).
   rC:        It protects you from cold.
   Will:      It increases your willpower.
 A - an amulet of regeneration (around neck)
 C - the ring "Xoenk" {rElec rF+ rCorr Int+3 Slay-3}
   (You found it on level 1 of the Lair of Beasts)

   [ring of protection from fire]

   Int:       It affects your intelligence (+3).
   Slay:      It affects your accuracy & damage with ranged weapons and melee
   (-3).
   rF:        It protects you from fire.
   rElec:     It insulates you from electricity.
   rCorr:     It protects you from acid and corrosion.
 G - a ring of ice
 H - a +6 ring of dexterity (left hand)
 M - a ring of protection from cold
Wands
 r - a wand of iceblast (18)
 t - a wand of flame (26)
 x - a wand of digging (15)
 J - a wand of polymorph (3)
 L - a wand of acid (6)
Scrolls
 b - 2 scrolls of immolation
 e - 6 scrolls of fog
 g - a scroll of fear
 u - 6 scrolls of teleportation
 z - 3 scrolls of magic mapping
 F - 2 scrolls of blinking
 P - a scroll of identify
Potions
 c - 3 potions of haste
 d - 3 potions of attraction
 f - 2 potions of berserk rage
 j - 6 potions of mutation
 k - 2 potions of resistance
 l - 5 potions of flight
 p - 16 potions of curing
 s - 2 potions of cancellation
 w - a potion of ambrosia
 D - 5 potions of might


   Skills:
 + Level 21.0(26.0) Fighting
 - Level 22.0(27) Ranged Weapons
 - Level 22.0(27) Dodging
 - Level 1.3(6.3) Stealth
 - Level 9.5 Invocations


You had 17 spell levels left.
You didn't know any spells.
Your spell library contained the following spells:

 Spells                   Type           Power      Damage    Failure   Level
 Magic Dart               Conj           0%         1d3       26%         1
 Blink                    Tloc           0%         N/A       38%         2
 Ensorcelled Hibernation  Hex/Ice        0%         N/A       38%         2
 Static Discharge         Conj/Air       0%         3-3/arc   38%         2
 Conjure Flame            Conj/Fire      0%         6-21      63%         3
 Gell's Gravitas          Tloc           0%         N/A       63%         3
 Ignite Poison            Fire/Tmut/Pois 0%         N/A       63%         3
 Inner Flame              Hex/Fire       0%         N/A       63%         3
 Lesser Beckoning         Tloc           0%         N/A       63%         3
 Mephitic Cloud           Conj/Pois/Air  0%         N/A       63%         3
 Spider Form              Tmut/Pois      0%         N/A       63%         3
 Teleport Other           Tloc           0%         N/A       63%         3
 Airstrike                Air            0%         0-1+      95%         4
 Anguish                  Hex/Necr       0%         N/A       95%         4
 Cause Fear               Hex            0%         N/A       95%         4
 Sticky Flame             Conj/Fire      0%         2d3       95%         4
 Blade Hands              Tmut           0%         N/A       100%        5
 Irradiate                Conj/Tmut      0%         3d13      100%        5
 Lightning Bolt           Conj/Air       0%         1d11      100%        5
 Manifold Assault         Tloc           0%         N/A       100%        5
 Conjure Ball Lightning   Conj/Air       0%         3x3d6     100%        6
 Dragon Form              Tmut           0%         N/A       100%        7
 Storm Form               Tmut/Air       0%         N/A       100%        7
 Discord                  Hex            0%         N/A       100%        8
 Maxwell's Capacitive Co  Air            0%         ∞         100%        8
 Call Imp                 Summ           Unusable   N/A       N/A         2
 Summon Lightning Spire   Summ/Air       Unusable   N/A       N/A         4
 Simulacrum               Ice/Necr       Unusable   N/A       N/A         6
 Infestation              Necr           Unusable   N/A       N/A         8
 Dragon's Call            Summ           Unusable   N/A       N/A         9

Dungeon Overview and Level Annotations

Branches:
Dungeon (15/15)            Temple (1/1) D:6            Lair (6/6) D:10
  Swamp (0/4) Lair:3        Snake (4/4) Lair:3        Slime (0/5) Lair:6
    Orc (2/2) D:10            Elf (0/3) Orc:2        Vaults (0/5) D:14
 Depths (0/4) D:15         Bailey (visited)

Altars:
Ashenzari
Cheibriados
Dithmenos
Elyvilon
Fedhas
Gozag
Hepliaklqana
Kikubaaqudgha
Makhleb
Nemelex Xobeh
Okawaru
Qazlal
Ru
Sif Muna
Trog
Uskayaw
Vehumet
Wu Jian
Xom
Yredelemnul
Zin
The Shining One
Jiyva

Shops:
D:10 !   D:14 (   Orc:2 (=*(!   Snake:3 (

Annotations:
D:14 exclusion: obsidian statue
Lair:3 exclusion: ice statue
Lair:4 1 runed translucent door, Xemekh's ghost, journeyman HOFi


Innate Abilities, Weirdness & Mutations

You are small and have problems with some larger weapons.
You are completely attuned to the shadows.


Message History

The naga warrior roars a battlecry!
The naga warrior spits poison at you. The splash of poison hits you.
You are more poisoned.
You have difficulty breathing.
* * * LOW HITPOINT WARNING * * *
You feel yourself slow down.
* * * LOW HITPOINT WARNING * * *
The naga warrior roars a battlecry!
The salamander mystic points at you and mumbles some strange words.
The bolt of magma misses you.
Fire: E) +1 arbalest
Press: ? - help, Q - select action, (/) - cycle Shift-Dir - straight line, f/p - naga warrior
Aim: a naga warrior, wielding a +0 trident and wearing a +2 tower shield of poison resistance (severely wounded, fast, strong, concentrated venom, catching its breath, 85% to hit)
You shoot a bolt. The bolt hits the naga warrior!!
The naga warrior is almost dead.
You feel very sick. The naga spits poison at you.
The splash of poison misses you.
The naga warrior completely misses you. x2
Fire: E) +1 arbalest
Press: ? - help, Q - select action, (/) - cycle Shift-Dir - straight line, f/p - naga warrior
Aim: a naga warrior, wielding a +0 trident and wearing a +2 tower shield of poison resistance (almost dead, fast, strong, concentrated venom, 85% to hit)
You shoot a bolt. The bolt hits the naga warrior!!!
You kill the naga warrior!
Okawaru accepts your kill.
You feel sick.
The salamander mystic gestures at you while chanting.
The bolt of magma misses you.
The naga sharpshooter spits poison at you.
The splash of poison misses you. The naga warrior completely misses you.
The salamander completely misses you.
Fire: E) +1 arbalest
Press: ? - help, Q - select action, (/) - cycle Shift-Dir - straight line, f - salamander mystic
Aim: a salamander mystic, wielding a +0 quarterstaff and wearing a +0 robe (strong, unable to see you, 86% to hit)
You shoot a bolt. The bolt hits the salamander mystic!!
The salamander mystic is moderately wounded.
You feel sick. The naga completely misses you.
The naga sharpshooter gestures wildly while chanting.
The naga sharpshooter magically shoots a bolt.
The bolt hits you!!
You die...

......##
..##......###
#.......†...#
##....))......
#....))..####.
###........#
.............
##...########
.....N@#
....N.)#
....NNNN#
...#NNNN#
....)NNN#
....#.)##
.⌠.NNN##
...NN)#
...NN...#


You could see 5 naga warriors, 3 naga sharpshooters, a salamander mystic
(strong, unable to see you), a salamander (fast, strong, unable to see you), a
naga mage (strong) and 2 nagas.

Vanquished Creatures
  Jorgrun (Orc:2)
  Gastronok (Lair:2)
  Kirke (Lair:4)
  4 nagarajas
  An orc warlord (Orc:2)
  Nessos (D:13)
  Azrael (Orc:1)
  3 salamander tyrants
  3 hydras
  2 ice dragons (D:15)
  Fannar (D:11)
  8 vault guards (D:14)
  3 boulder beetles
  5 ogre magi
  2 death knights (D:11)
  11 anacondas
  17 two-headed ogres
  A death yak (Lair:3)
  3 centaur warriors
  A tengu warrior (D:15)
  16 naga warriors
  Urug (Lair:4)
  2 naga sharpshooters (Snake:2)
  4 shock serpents
  Sonja (Orc:1)
  Nergalle (Lair:2)
  A fire crab (shapeshifter) (D:11)
  6 salamander mystics
  5 skeletal warriors
  5 naga ritualists
  A lindwurm (shapeshifter) (D:14)
  A lindwurm (Lair:3)
  4 mana vipers
  2 orc sorcerers
  7 cyclopes
  15 ugly things
  2 manticores
  2 guardian serpents
  16 salamanders
  37 black mambas
  19 naga magi
  Maurice (Orc:2)
  11 elephants
  A gargoyle (Bailey)
  3 unseen horrors
  2 torpor snails
  14 cane toads
  A kobold demonologist (D:14)
  Maggie (D:8)
  9 komodo dragons
  5 rime drakes
  A tengu conjurer (D:15)
  2 freezing wraiths
  2 ice devils (Lair:3)
  16 polar bears
  7 hornets
  10 trolls
  3 meliai (D:14)
  A wolf spider simulacrum (D:15)
  2 slime creatures (D:15)
  22 blink frogs
  Prince Ribbit (D:7)
  10 dream sheep
  A culicivora (shapeshifter) (D:14)
  4 shadows
  4 wraiths
  A vampire (Bailey)
  6 hogs (Lair:4)
  42 yaks
  14 spriggans (Lair:6)
  7 wyverns
  4 fire elementals
  2 steam dragons (D:7)
  An unseen horror simulacrum (D:8)
  5 basilisks
  9 vampire mosquitoes
  42 nagas
  5 wargs
  Duvessa (D:6)
  An acid dragon (D:10)
  3 hell hounds
  34 water moccasins
  20 orc warriors
  5 ice beasts
  2 black bears (Lair:6)
  24 wolves
  4 boggarts (Lair:6)
  A phantom (D:5)
  33 ogres
  9 centaurs
  2 kobold brigands
  9 bullfrogs
  Blork the orc (D:6)
  A wyvern zombie (D:7)
  3 gnoll sergeants (D:10)
  4 scorpions
  12 wights
  Dowan (D:6)
  An elephant simulacrum (Lair:3)
  7 vampire bats (Bailey)
  5 wolf zombies (Bailey)
  7 howler monkeys
  6 electric eels
  A wyvern simulacrum (D:8)
  3 gnoll boudas
  22 orc priests
  3 centaur zombies (D:7)
  6 jellies
  12 hounds
  Jessica (D:3)
  7 iguanas
  10 hell rats
  28 orc wizards
  A troll simulacrum (Lair:3)
  A killer bee zombie (D:7)
  Robin (D:2)
  21 gnolls
  5 river rats (Lair:1)
  22 adders
  2 naga simulacra (Lair:3)
  2 shadow imps (D:6)
  5 white imps
  4 ufetubi
  2 worms (D:5)
  2 dart slugs
  73 orcs
  6 endoplasms
  4 giant cockroaches
  18 goblins
  10 hobgoblins
  11 jackals
  10 kobolds
  4 quokkas (D:1)
  7 ball pythons
  2 bats (D:1)
  2 frilled lizards (D:1)
  18 orc zombies (Bailey)
  16 rats
  3 bushes (D:2)
1031 creatures vanquished.

Vanquished Creatures (others)
  A deep elf pyromancer (D:11)
  A naga mage (Snake:1)
  A troll (D:10)
  A gnoll (D:7)
  A bush (Lair:5)
  52 fungi
  71 plants
  5 withered plants (D:7)
133 creatures vanquished.

Grand Total: 1164 creatures vanquished

Notes
Turn   | Place    | Note
-------+----------+-------------------------------------------
     0 | D:1      | HoaS the Kobold Hunter began the quest for the Orb.
     0 | D:1      | Reached XP level 1. HP: 12/12 MP: 1/1
   209 | D:1      | Reached XP level 2. HP: 17/17 MP: 2/2
   683 | D:1      | Reached XP level 3. HP: 20/21 MP: 3/3
  1024 | D:2      | Noticed Robin
  1439 | D:2      | Killed Robin
  1440 | D:2      | Reached XP level 4. HP: 16/26 MP: 1/4
  2709 | D:3      | Reached XP level 5. HP: 30/30 MP: 5/5
  2941 | D:3      | Noticed Jessica
  2942 | D:3      | Killed Jessica
  2980 | D:3      | Found a shimmering altar of Xom.
  3468 | D:4      | Identified the ring "Uvividgh" {rF+ Str-5 Int+2 SInv}
  3683 | D:4      | Found a shadowy altar of Dithmenos.
  3716 | D:4      | Reached XP level 6. HP: 35/35 MP: 6/6
  4539 | D:5      | Entered Level 5 of the Dungeon
  4595 | D:5      | Reached skill level 10 in Ranged Weapons
  4605 | D:5      | Noticed a water moccasin
  4607 | D:5      | Reached XP level 7. HP: 40/40 MP: 7/7
  4613 | D:5      | Killed a water moccasin
  4644 | D:5      | Reached XP level 8. HP: 29/44 MP: 8/8
  4645 | D:5      | Found an ancient bone altar of Kikubaaqudgha.
  5362 | D:5      | Found a sacrificial altar of Ru.
  5404 | D:5      | Found an ancient bone altar of Kikubaaqudgha.
  5712 | D:5      | Found a glowing golden altar of the Shining One.
  5989 | D:6      | Noticed Blork the orc
  6001 | D:6      | Killed Blork the orc
  6238 | D:6      | Found a staircase to the Ecumenical Temple.
  6244 | Temple   | Entered the Ecumenical Temple
  6756 | D:6      | Reached XP level 9. HP: 48/48 MP: 9/9
  6869 | D:6      | Noticed Dowan
  6871 | D:6      | Noticed Duvessa
  6887 | D:6      | Killed Duvessa
  6888 | D:6      | Reached skill level 15 in Ranged Weapons
  6894 | D:6      | Killed Dowan
  7289 | D:7      | Found a flagged portal.
  7299 | Bailey   | Entered a bailey
  7735 | Bailey   | Noticed a gargoyle
  7748 | Bailey   | Killed a gargoyle
  8082 | Bailey   | Identified the +2 broad axe of Ziplosod {vorpal, Will+
                  | Dex+4}
  8144 | Bailey   | Reached skill level 5 in Fighting
  8144 | Bailey   | Reached XP level 10. HP: 59/59 MP: 10/10
  8225 | Bailey   | Identified the +9 chain mail "Tevak" {Int+3}
  8594 | D:7      | Reached skill level 5 in Dodging
  8727 | D:7      | Found an ornate altar of the Wu Jian Council.
  9001 | D:7      | Noticed Prince Ribbit
  9038 | D:7      | Killed Prince Ribbit
  9529 | D:8      | Noticed Maggie
  9537 | D:8      | Killed Maggie
  9571 | D:7      | Reached XP level 11. HP: 50/71 MP: 9/11
  9812 | D:8      | Reached skill level 10 in Fighting
 10870 | D:9      | Noticed a two-headed ogre
 10877 | D:9      | Killed a two-headed ogre
 10881 | D:9      | Noticed a two-headed ogre
 10893 | D:9      | Killed a two-headed ogre
 10953 | D:9      | Identified the +9 sling of Fimbulwinter {freeze, Fragile
                  | rElec MP+9 Dex-4}
 10959 | D:9      | Found a hide-covered altar of Uskayaw.
 11577 | D:10     | Entered Level 10 of the Dungeon
 11578 | D:10     | Found a staircase to the Orcish Mines.
 11622 | D:10     | Reached XP level 12. HP: 65/82 MP: 12/12
 11638 | D:10     | Reached skill level 10 in Dodging
 11761 | D:10     | Found Hukhlucu's Distillery.
 11765 | D:10     | Bought a potion of curing for 42 gold pieces
 11765 | D:10     | Bought a potion of haste for 140 gold pieces
 11765 | D:10     | Bought a potion of curing for 42 gold pieces
 11877 | D:10     | Found a burning altar of Makhleb.
 11882 | D:10     | Found a sparkling altar of Nemelex Xobeh.
 11891 | D:10     | Found an iron altar of Okawaru.
 11896 | D:10     | Became a worshipper of Warmaster Okawaru
 11984 | D:10     | Found a staircase to the Lair.
 12159 | D:10     | Found a stormy altar of Qazlal.
 12214 | D:10     | Identified the +5 war axe "Beugibb" {freeze, Dex+2}
 12297 | D:10     | Reached skill level 1 in Invocations
 12524 | Lair:1   | Entered Level 1 of the Lair of Beasts
 12629 | Lair:1   | Reached * piety under Okawaru
 12702 | Lair:1   | Identified the +4 scimitar of Conflict {vamp, *Slow Dex+4
                  | SInv}
 12935 | Lair:1   | Identified the ring "Xoenk" {rElec rF+ rCorr Int+3 Slay-3}
 13150 | Lair:1   | Reached ** piety under Okawaru
 13691 | Lair:2   | Noticed Gastronok
 13705 | Lair:2   | Killed Gastronok
 13899 | Lair:2   | Got Sif Muna's Essays on Breezy Evil
 14008 | Lair:2   | Noticed Nergalle
 14024 | Lair:2   | Killed Nergalle
 14024 | Lair:2   | Reached *** piety under Okawaru
 14341 | Lair:2   | Reached XP level 13. HP: 91/91 MP: 15/15
 14453 | Lair:2   | Reached skill level 15 in Fighting
 14749 | Lair:3   | Reached **** piety under Okawaru
 14849 | Lair:3   | Found a staircase to the Snake Pit.
 15448 | Lair:3   | Found a staircase to the Swamp.
 15460 | Lair:3   | Reached ***** piety under Okawaru
 16568 | Lair:4   | Received a gift from Okawaru
 16613 | Lair:4   | Found a radiant altar of Vehumet.
 16789 | Lair:4   | Found a runed translucent door.
 16792 | Lair:4   | Identified the +3 trident of Melee {flame, rC++}
 16807 | Lair:4   | Noticed Kirke
 16833 | Lair:4   | Noticed Urug
 16846 | Lair:4   | Killed Urug
 16847 | Lair:4   | Reached skill level 15 in Dodging
 16983 | Lair:4   | Reached XP level 14. HP: 90/100 MP: 16/16
 17123 | Lair:4   | Killed Kirke
 17285 | Lair:4   | Noticed Xemekh's ghost (journeyman HOFi)
 18033 | Lair:5   | Received a gift from Okawaru
 18437 | Lair:5   | Identified the +0 pair of gloves of Imperfection {Harm
                  | Will++ Dex-4}
 18521 | Lair:5   | Reached skill level 5 in Invocations
 18713 | Lair:6   | Entered Level 6 of the Lair of Beasts
 18914 | Lair:6   | Identified the +2 cloak "Siurot" {rCorr Dex+3} (Okawaru
                  | gifted it to you on level 6 of the Lair of Beasts)
 18914 | Lair:6   | Received a gift from Okawaru
 19250 | Lair:6   | Paralysed by a hornet for 2 turns
 19479 | Lair:6   | Reached XP level 15. HP: 106/106 MP: 19/19
 19864 | Lair:6   | Found a viscous altar of Jiyva.
 19886 | Lair:6   | Found a staircase to the Slime Pits.
 20713 | D:11     | Identified the ring "Vuisher" {rPois rF++ Str-5 Dex+6}
 20748 | D:11     | Identified the ring "Reucrydgh" {rC+ Will+ Int+6}
 20756 | D:11     | Identified the amulet of Harmony {Faith +Inv rPois rCorr}
 20759 | D:11     | Identified the amulet of the Tarantula {RegenMP Harm rN+}
 20890 | D:11     | Noticed Fannar
 20899 | D:11     | Killed Fannar
 21340 | D:12     | Identified the +2 hat of Okawaru's Inspiration {Harm SInv}
                  | (Okawaru gifted it to you on level 12 of the Dungeon)
 21340 | D:12     | Received a gift from Okawaru
 22033 | Orc:1    | Entered Level 1 of the Orcish Mines
 22142 | Orc:1    | Noticed Sonja
 22144 | Orc:1    | Killed Sonja
 22279 | Orc:2    | Entered Level 2 of the Orcish Mines
 22307 | Orc:2    | Noticed Azrael
 22320 | Orc:1    | Killed Azrael
 22569 | Orc:2    | Found a staircase to the Elven Halls.
 22571 | Orc:2    | Noticed Jorgrun
 22582 | Orc:2    | Killed Jorgrun
 22583 | Orc:2    | Reached XP level 16. HP: 31/114 MP: 14/22
 22680 | Orc:2    | Received a gift from Okawaru
 22893 | Orc:2    | Found Ohirhoni's Weapon Boutique.
 22893 | Orc:2    | Found Emnelimm's General Store.
 22896 | Orc:2    | Found Niom's Weapon Shop.
 22896 | Orc:2    | Found Viul's Jewellery Shoppe.
 23117 | Orc:2    | Bought a scroll of blinking for 120 gold pieces
 23119 | Orc:2    | Bought a +6 ring of dexterity for 396 gold pieces
 23155 | Orc:2    | Found Erorchak's Distillery.
 23162 | Orc:2    | Bought 2 potions of heal wounds for 120 gold pieces
 23162 | Orc:2    | Bought a potion of haste for 120 gold pieces
 23162 | Orc:2    | Bought a potion of haste for 120 gold pieces
 23645 | Orc:1    | Noticed Maurice
 23659 | Orc:2    | Paralysed by an orc sorcerer for 2 turns
 23662 | Orc:2    | Killed Maurice
 23662 | Orc:2    | Paralysed by an orc sorcerer for 2 turns
 24050 | D:13     | Noticed Nessos
 24659 | D:13     | Killed Nessos
 25385 | D:13     | Identified a scroll of acquirement
 25385 | D:13     | Acquired a manual of Dodging
 25621 | D:14     | Acquired 927 gold pieces
 25987 | D:14     | Found Bommi's Antique Weapon Boutique.
 26114 | D:14     | Reached ****** piety under Okawaru
 26137 | D:14     | Received a gift from Okawaru
 26174 | D:14     | Found a gate to the Vaults.
 26454 | D:15     | Entered Level 15 of the Dungeon
 26490 | D:15     | Reached XP level 17. HP: 102/120 MP: 24/24
 27131 | D:15     | Found a staircase to the Depths.
 27383 | Snake:1  | Entered Level 1 of the Snake Pit
 28199 | Snake:1  | Received a gift from Okawaru
 29211 | Snake:3  | Reached XP level 18. HP: 72/129 MP: 18/25
 29502 | Snake:3  | Identified the +1 hat of the Blind Marksman {rElec Regen+
                  | Int+5 Stlth-} (Okawaru gifted it to you on level 3 of the
                  | Snake Pit)
 29502 | Snake:3  | Received a gift from Okawaru
 29787 | Snake:3  | Found Umegeubean's Weapon Emporium.
 30437 | Snake:4  | Entered Level 4 of the Snake Pit
 30822 | Snake:4  | HP: 4/131 [naga warrior/+0 trident (40)]
 30838 | Snake:4  | HP: 6/132 [poisoned by naga warrior (concentrated venom)]
 30839 | Snake:4  | Shot with a bolt by a naga sharpshooter

Illustrated notes

Levels and vault maps discovered:
D:1:      dpeg_arrival_tiny_a, layout_loops_corners, serial_glass,
          glass_columns_a, glass_columns_b, minmay_splitting_lines,
          wad_floor_pattern_2
D:2:      layout_rooms, serial_forest, infiniplex_forest_lined_room_2,
          infiniplex_forest_clump_cross, infiniplex_forest_end_1,
          infiniplex_forest_clump_double, infiniplex_forest_clump_small,
          infiniplex_forest_clump_long, infiniplex_forest_clump_tiny,
          infiniplex_forest_lined_room_2, infiniplex_forest_straight_2,
          uniq_robin
D:3:      layout_rooms, mainiacjoe_overflow_alcove_1, uniq_jessica
D:4:      layout_basic, mainiacjoe_overflow_alcove_2, minmay_misc_feat_iff
D:5:      layout_basic, nicolae_ru_awakened_eye,
          mainiacjoe_overflow_surrounded_room,
          nicolae_kikubaaqudgha_miasma_corner, minmay_ruined_shrine
D:6:      layout_rooms, minmay_temple_entry_sparse_star,
          serial_co_window_serial, co_window_paths_a,
          co_window_of_opportunity_a, co_window_paths_b,
          co_window_of_opportunity_a, co_window_of_opportunity_a,
          co_window_2corner, co_window_broadway_a, co_window_of_opportunity_c,
          co_window_broadway_a, co_window_corner_b, glass_columns_b,
          glass_columns_a, glass_columns_a, glass_columns_a, glass_columns_b,
          uniq_blork_the_orc, uniq_duvessa
D:7:      minmay_s_stair_smasher, layout_basic, nicolae_wu_jian_wuxing_cycle,
          enter_bailey_4, serial_undead, serial_undead_b, serial_undead_d,
          serial_undead_c, serial_undead_e, nicolae_water_bricks,
          uniq_prince_ribbit1
D:8:      layout_gridville, serial_ice, serial_ice_h, serial_ice_j,
          serial_ice_e, serial_ice_b, serial_ice_o, serial_ice_n, serial_ice_d,
          uniq_maggie
D:9:      layout_basic, lemuel_doored_altar
D:10:     layout_cave_pools, lemuel_crystal_altar,
          minmay_overflow_temple_star_quad, lair_entry_dummy, orc_0_dummy,
          serial_gnoll_camp, gnoll_camp_mini_basic, gnoll_camp_mini_loothouse,
          gnoll_camp_huts_basic, gnoll_camp_mini_hut, gnoll_camp_mini_hut,
          gnoll_camp_mini_shop, minivault_14
D:11:     minmay_the_grid_triangle_9x9_rhombus_full_mashed
          [minmay_the_grid_triangle_9x9_corruption,
          minmay_the_grid_triangle_9x9_dagger,
          minmay_the_grid_triangle_9x9_longest,
          minmay_the_grid_triangle_9x9_minimal,
          minmay_the_grid_triangle_9x9_corrupted_corridor,
          minmay_the_grid_triangle_9x9_swiss_cheese,
          minmay_the_grid_triangle_9x9_odd_lines,
          minmay_the_grid_triangle_9x9_prize_special], layout_loops_ring,
          st_stairs_11, kennysheep_pointless_box,
          minmay_fractal_squares_diagonal_5, uniq_fannar
D:12:     layout_rooms
D:13:     layout_cave_pools, uniq_nessos
D:14:     layout_long_grid, erik_vaults_2, serial_shops, shop,
          nicolae_figureground_sparkle, minmay_protected_statue
D:15:     grunt_enter_depths_hoard, layout_loops_ring,
          dreamdust_mushroom_princess
Temple:   hellmonk_temple_of_storms
Lair:1:   layout_misc_corridors, chequers_serial_rivers_small_b,
          serial_bayou_pond_b, kennysheep_abandoned_house
Lair:2:   lemuel_reptile_caves, layout_cave_pods, uniq_gastronok, uniq_nergalle
Lair:3:   dreamdust_isle_of_ice, layout_gridlike, minmay_swamp_entry_swarm,
          minmay_snake_entry_six_corridors, infiniplex_staircase_pool
Lair:4:   layout_long_grid, ebering_ghost_funeral_grove, basic_altar,
          infiniplex_staircase_pool_2, uniq_urug, uniq_kirke
Lair:5:   layout_misc_corridors, beast_lair_carwin_8, serial_bayou_shore_a,
          lemuel_fruit_tree
Lair:6:   minmay_lair_end_enchanted_forest, layout_loops_ring,
          nicolae_slime_entry_slimehenge, grunt_megastairs_3
Snake:1:  nicolae_snake_hallway, layout_onion
Snake:2:  layout_rooms, eino_curves_03, nicolae_elevator_lobby_plus,
          nicolae_triple_integral
Snake:3:  layout_concentric_octagons, serial_shops, shop,
          hangedman_snake_corridor_cut
Snake:4:  snake_pit, layout_chambers, serial_shops, nicolae_shop_stone
Orc:1:    layout_diamond_mine, nicolae_orc_bridge_out, mines5_lemuel,
          uniq_sonja, uniq_maurice
Orc:2:    st_orc_ogre_mass, layout_diamond_mine, serial_shops, shop,
          uniq_jorgrun, uniq_azrael

Skill      XL: |  1  2  3  4  5  6  7  8  9 10 11 12 13 14 15 16 17 18 |
---------------+-------------------------------------------------------+-----
Ranged Weapons | 6 7 9 10 11 14 16 17 18 19 21 22 | 22.0
Fighting       | 5 9 12 14 16 17 18 19 21 | 21.0
Dodging        | 4 7 9 11 15 16 18 19 21 22 | 22.0
Invocations    | 3 6 8 9 |  9.5
Stealth        | |  1.3

Action                   |  1- 3 |  4- 6 |  7- 9 | 10-12 | 13-15 | 16-18 || total
-------------------------+-------+-------+-------+-------+-------+-------++-------
Melee: Arbalest          |       |       |       |       |       |     1 ||     1
 Fire: Shortbow          |    84 |   491 |   297 |   751 |  1407 |       ||  3030
       Arbalest          |       |       |       |       |    57 |  1145 ||  1202
Invok: Heroism           |       |       |       |       |     4 |     6 ||    10
       Finesse           |       |       |       |       |     3 |     5 ||     8
  Use: Scroll            |       |    15 |     2 |    11 |     7 |    10 ||    45
       Potion            |       |       |     5 |     4 |     7 |     6 ||    22
Armor: Leather armour    |     4 |     2 |    30 |     8 |       |       ||    44
       Steam dragon scal |       |       |       |    29 |    91 |    61 ||   181
Dodge: Dodged            |    88 |    59 |   218 |   389 |  1402 |  1448 ||  3604

Table legend: (Time is in decaauts)
 A = Elapsed time spent in this place.
 B = Non-inter-level travel time spent in this place.
 C = Inter-level travel time spent in this place.
 D = Time resting spent in this place.
 E = Time spent auto-exploring this place.
 F = Levels seen in this place.
 G = Mean time per level.
                   A        B        C        D        E       F      G
               +--------+--------+--------+--------+--------+-----+--------+
         Total |  30271 |  28916 |   1355 |   5604 |  17839 |  29 | 1043.8 |
       Dungeon |  16555 |  15813 |    742 |   3418 |   9774 |  15 | 1103.7 |
        Temple |     64 |     55 |      9 |      0 |     34 |   1 |   64.0 |
          Lair |   7426 |   7068 |    358 |    698 |   4921 |   6 | 1237.7 |
     Snake Pit |   3421 |   3346 |     75 |    714 |   1869 |   4 |  855.2 |
  Orcish Mines |   1837 |   1667 |    170 |    208 |   1036 |   2 |  918.5 |
        Bailey |    965 |    965 |      0 |    565 |    205 |   1 |  965.0 |
               +--------+--------+--------+--------+--------+-----+--------+

Top non-repeatable levels by time:
  Lair:4: 1495 daAuts
 Snake:3: 1490 daAuts
     D:1: 1472 daAuts
  Lair:3: 1382 daAuts
     D:6: 1339 daAuts
     D:7: 1317 daAuts
     D:5: 1313 daAuts
   Orc:2: 1311 daAuts
    D:11: 1282 daAuts
     D:4: 1248 daAuts
     D:2: 1219 daAuts
  Lair:6: 1214 daAuts
    D:12: 1143 daAuts
  Lair:1: 1122 daAuts
  Lair:5: 1116 daAuts
